 Dungeon Sprint DCSS version 0.21.1-1-g345015f (webtiles) character file.

3700000 Fang the Sabretooth (level 16, -13/100 HPs)
             Began as a Felid Fighter on Apr 12, 2018.
             Was a Priest of Makhleb.
             Mangled by a meat berserker
             ... wielding a +9 battleaxe
              (41 damage)
             ... in the Dungeon (Sprint VIII: "Arena of Blood").
             The game lasted 00:00:35 (37 turns).

Fang the Sabretooth (Felid Fighter)                   Turns: 37, Time: 00:00:36

Health: -13/100    AC:  3    Str: 17    XL:     16   Next: 14%
Magic:  39/42      EV: 40    Int:  9    God:    Makhleb [***...]
Gold:   0          SH:  0    Dex: 18    Spells: 58/58 levels left
                                        Lives:  0   Deaths: 5

rFire    . . .     SeeInvis +     - Unarmed
rCold    + . .     Gourm    .   (shield unavailable)
rNeg     . . .     Faith    .   (armour unavailable)
rPois    .         Spirit   .   (helmet unavailable)
rElec    .         Reflect  .   (cloak unavailable)
rCorr    .         Harm     .   (gloves unavailable)
MR       ++...     NoTele   +   (boots unavailable)
Stlth    +++++++++.             (no amulet)
HPRegen  0.26/turn              i - +27000 ring of slaying
MPRegen  0.28/turn              (no ring)

@: quick
A: very small, no armour, no weapons or thrown items, stealth, claws 1, fangs 3,
see invisible, carnivore, speed 1, shaggy fur 3, slow metabolism 1, sharp paws
a: Minor Destruction, Lesser Servant of Makhleb, Renounce Religion


You were in the Dungeon.
You worshipped Makhleb.
Makhleb was most pleased with you.
You were not hungry.

You visited 1 branch

Inventory:

Jewellery
 i - a +27000 ring of slaying (left paw)
Scrolls
 h - a scroll of blinking
Potions
 a - a potion of might
 c - a potion of curing
 d - a potion of heal wounds
 e - a potion of haste
 f - 2 potions of magic
 g - a potion of berserk rage
Comestibles
 b - a ration


   Skills:
 O Level 27 Fighting
 O Level 27 Dodging
 O Level 27 Stealth
 O Level 27 Unarmed Combat
 + Level 21.6 Spellcasting
 + Level 23.1 Invocations


You had 58 spell levels left.
You didn't know any spells.

Dungeon Overview and Level Annotations

Branches:
Dungeon (1/1)

Altars:
Makhleb


Innate Abilities, Weirdness & Mutations

You cannot wear armour.
You are incapable of wielding weapons or throwing items.
Your paws allow you to move quietly. (Stealth)
You have sharp claws.
You have razor-sharp teeth.
You have supernaturally acute eyesight. (SInv)
You are carnivorous and can eat meat at any time.
You cover ground quickly.
Your thick and shaggy fur keeps you warm. (AC +3, rC+)
You have a slow metabolism.
Your sharp claws are effective at attacking unaware monsters.


Message History

Makhleb accepts your kill.
You feel better.
You have mastered Stealth!
Your Spellcasting skill gained 3 levels and is now at level 21!
Your Invocations skill gained 3 levels and is now at level 23!
Welcome back to level 16!
You hear two shouts!
You hear a shout! x2
The meat berserker misses you.
You hear a shout! x2
You hear a shout! x2
The meat berserker hits you with a +9 battleaxe!!!!
Ouch! That really hurt!
* * * LOW HITPOINT WARNING * * *
You hear a shout!
The bag of meat moves out of view.
The sculptor of flesh appears out of thin air!
A sculptor of flesh comes into view. It is wielding a +9 great sword.
You hear a shout! x3
The meat berserker hits you with a +9 battleaxe!!!
You die...

....................
........o..........
#.......#.......... .
#.......#...o......
...###.......###†)...o..
........###....o........
#........_†)o.O.........
.#.......#..oOo#.......#.#.
. ....... #_O@o_#........O..
..#.......#†o...#......#.#.#
....#.....o†)_..o...........
...o......O.###.....z...#.#.
......o###... ...###.......
..V..o.O.#.......# ......
...o..oo†#...o...# .....
#..o§..o)o........
o#.#......o.....O..


You could see a sculptor of flesh (wandering), a large bag of meat (inner
flame), 3 meat berserkers and 11 bags of meat.

Vanquished Creatures
  2 vampire knights (D)
  3 ogres (D)
  5 orcs (D)
10 creatures vanquished.

Notes
Turn   | Place    | Note
-------+----------+-------------------------------------------
     0 | D        | Fang the Felid Fighter began the quest for the Orb.
     0 | D        | Reached XP level 1. HP: 10/10 MP: 2/2
     4 | D        | Became a worshipper of Makhleb the Destroyer
     5 | D        | Noticed a bag of meat
     9 | D        | Noticed a bag of meat
     9 | D        | Noticed a meat berserker
    11 | D        | Killed a bag of meat
    11 | D        | Reached XP level 2. HP: 24/24 MP: 3/3
    11 | D        | Reached XP level 3. HP: 28/28 MP: 4/4
    11 | D        | Reached XP level 4. HP: 32/32 MP: 5/5
    11 | D        | Reached XP level 5. HP: 36/36 MP: 6/6
    11 | D        | Gained mutation: You are covered in thick fur. (AC +2) [Felid growth]
    11 | D        | Reached XP level 6. HP: 40/40 MP: 7/7
    11 | D        | Reached XP level 7. HP: 43/43 MP: 8/8
    11 | D        | Reached XP level 8. HP: 48/48 MP: 9/9
    11 | D        | Reached XP level 9. HP: 51/51 MP: 10/10
    11 | D        | Reached XP level 10. HP: 55/55 MP: 11/11
    11 | D        | Reached XP level 11. HP: 59/59 MP: 12/12
    12 | D        | Noticed a meat berserker
    13 | D        | Killed a bag of meat
    13 | D        | Reached * piety under Makhleb
    13 | D        | Reached skill level 15 in Fighting
    13 | D        | Gained mutation: Your thick and shaggy fur keeps you warm. (AC +3, rC+) [Felid growth]
    13 | D        | Reached XP level 12. HP: 66/66 MP: 13/13
    13 | D        | Slain by a meat berserker
    14 | D        | Reached XP level 11. HP: -3/62 MP: 12/12
    14 | D        | Noticed a bag of meat
    15 | D        | Noticed a bag of meat
    16 | D        | Noticed a bag of meat
    16 | D        | Noticed a meat berserker
    16 | D        | Noticed a bag of meat
    17 | D        | Noticed a bag of meat
    17 | D        | Noticed a bag of meat
    17 | D        | Noticed a bag of meat
    17 | D        | Noticed a bag of meat
    17 | D        | Noticed a bag of meat
    17 | D        | Noticed a meat berserker
    18 | D        | Noticed a meat berserker
    18 | D        | Noticed a bag of meat
    18 | D        | Killed a bag of meat
    18 | D        | Reached XP level 12. HP: 28/67 MP: 13/13
    18 | D        | Reached XP level 13. HP: 30/71 MP: 14/14
    18 | D        | Mangled by a meat berserker
    19 | D        | Reached XP level 12. HP: -11/67 MP: 13/13
    20 | D        | Killed a meat berserker
    20 | D        | Reached skill level 27 in Unarmed Combat
    20 | D        | Reached XP level 13. HP: 76/76 MP: 14/14
    20 | D        | Slain by a meat berserker
    21 | D        | Reached XP level 12. HP: -3/73 MP: 13/13
    21 | D        | Noticed a bag of meat
    21 | D        | Noticed a bag of meat
    21 | D        | Noticed a meat berserker
    22 | D        | Noticed a bag of meat
    23 | D        | Noticed a bag of meat
    23 | D        | Noticed a bag of meat
    23 | D        | Killed a bag of meat
    23 | D        | Reached ** piety under Makhleb
    23 | D        | Reached skill level 27 in Dodging
    23 | D        | Reached XP level 13. HP: 79/79 MP: 14/14
    24 | D        | Killed a meat berserker
    24 | D        | Reached skill level 27 in Fighting
    24 | D        | Reached XP level 14. HP: 91/91 MP: 15/15
    28 | D        | Noticed a bag of meat
    28 | D        | Noticed a large bag of meat
    28 | D        | Slain by a meat berserker
    29 | D        | Reached XP level 13. HP: -2/87 MP: 14/14
    29 | D        | Noticed a bag of meat
    29 | D        | Noticed a bag of meat
    29 | D        | Noticed a bag of meat
    29 | D        | Noticed a bag of meat
    29 | D        | Noticed a bag of meat
    29 | D        | Noticed a bag of meat
    29 | D        | Noticed a bag of meat
    29 | D        | Noticed a large bag of meat
    29 | D        | Noticed a bag of meat
    29 | D        | Noticed a bag of meat
    29 | D        | Noticed a destroyer
    29 | D        | Noticed a destroyer
    30 | D        | Noticed a bag of meat
    30 | D        | Noticed a large bag of meat
    30 | D        | Noticed a meat berserker
    30 | D        | Noticed a large bag of meat
    30 | D        | Killed a bag of meat
    30 | D        | Reached XP level 14. HP: 91/91 MP: 14/27
    31 | D        | Noticed a bag of meat
    31 | D        | Noticed a meat berserker
    31 | D        | Noticed a bag of meat
    31 | D        | Noticed a bag of meat
    31 | D        | Noticed an eight-headed meat hydra
    32 | D        | Noticed a bag of meat
    32 | D        | Noticed a bag of meat
    33 | D        | Noticed a bag of meat
    33 | D        | Killed a destroyer
    33 | D        | Reached *** piety under Makhleb
    33 | D        | Reached skill level 15 in Invocations
    33 | D        | Reached XP level 15. HP: 72/95 MP: 14/34
    34 | D        | Noticed a destroyer
    34 | D        | Killed a destroyer
    34 | D        | Reached XP level 16. HP: 32/100 MP: 14/39
    34 | D        | Mangled by a meat berserker
    35 | D        | Reached XP level 15. HP: -13/95 MP: 14/38
    36 | D        | Killed a meat berserker
    36 | D        | Reached skill level 27 in Stealth
    36 | D        | Reached XP level 16. HP: 100/100 MP: 38/42
    37 | D        | Mangled by a meat berserker

Skill      XL: |  1  2  3  4  5  6  7  8  9 10 11 12 13 14 15 |
---------------+----------------------------------------------+-----
Fighting       | 13 16 22 27 | 27.0
Dodging        | 16 20 27 | 27.0
Unarmed Combat | 21 25 27 | 27.0
Stealth        | 12 21 27 | 27.0
Spellcasting   | 8 14 21 | 21.6
Invocations    | 9 15 23 | 23.1

Action                   |  1- 3 |  4- 6 |  7- 9 | 10-12 | 13-15 | 16-18 || total
-------------------------+-------+-------+-------+-------+-------+-------++-------
Melee: Unarmed           |     1 |       |       |     4 |     5 |       ||    10
Dodge: Dodged            |       |       |       |     1 |       |     1 ||     2
